 Dungeon Crawl Stone Soup version 0.31-a0-217-g58bb5d79cf (webtiles) character file.

Game seed: 6222030073854269625

358 qw the Chopper (level 6, -5/38 HPs)
             Began as a Gargoyle Fighter on July 2, 2023.
             Killed from afar by an orc wizard (13 damage)
             ... with a puff of flame
             ... on level 4 of the Dungeon.
             The game lasted 00:01:15 (2732 turns).

qw the Chopper (Gargoyle Fighter)                   Turns: 2732, Time: 00:01:16

Health: -5/38      AC: 13    Str: 21    XL:     6   Next: 64%
Magic:  6/6        EV:  7    Int:  9    God:
Gold:   149        SH:  4    Dex:  9    Spells: 5/5 levels left

rFire   . . .        Y - +0 war axe
rCold   . . .        c - +0 buckler
rNeg    + . .        i - +0 chain mail
rPois   inf          (no helmet)
rElec   +            (no cloak)
rCorr   .            (no gloves)
SInv    .            (no boots)
Will    .....        g - amulet of faith Stlth
                     (no ring)
HPRegen 0.26/turn    (no ring)
MPRegen 0.10/turn

%: faith
@: no status effects
A: sickness immunity, AC +4, negative energy resistance 1, electricity
resistance, torment resistance 1, petrification resistance
a: no special abilities


You were on level 4 of the Dungeon.
You visited 1 branch of the dungeon, and saw 4 of its levels.

You collected 149 gold pieces.


Innate Abilities, Weirdness & Mutations

You are immune to sickness and miasma.
Your stone body is resilient. (AC +4)
You are immune to poison.
You resist negative energy. (rN+)
You are resistant to electric shocks. (rElec)
You are resistant to unholy torment.
You are immune to petrification.


   Skills:
 - Level 4.0 Fighting
 + Level 5.7 Axes
 - Level 1.1 Throwing
 - Level 3.2 Armour
 - Level 3.2 Shields


You had 5 spell levels left.
You didn't know any spells.
Your spell library was empty.

Inventory:

Hand Weapons
 a - a +0 flail
 Y - a +0 war axe (weapon)
Missiles
 h - 3 boomerangs
 o - 2 javelins (quivered)
Armour
 c - a +0 buckler (worn)
 i - a +0 chain mail (worn)
Jewellery
 g - an amulet of faith (around neck)
Scrolls
 b - a scroll of vulnerability {unknown}
 j - a scroll of identify
 k - a scroll of enchant armour
Potions
 d - 3 potions of might

Dungeon Overview and Level Annotations

Branches:
Dungeon (4/15)
 Temple: D:4-7

Altars:
Elyvilon
Hepliaklqana
Makhleb

Annotations:
D:3 2 runed translucent doors, qw's ghost, amateur MiHs


Message History

You bump into the rock wall.
You hear some strange, mumbled words.
Something tries to affect you, but you resist.
Something hits you but does no damage.
You completely miss something. You barely miss something.
You feel less confused.
An orc wizard appears from thin air!
Reactivating autopickup.
The orc wizard hits you but does no damage.
Something hits you.
Deactivating autopickup; reactivate with Ctrl-A.
The orc wizard hits you but does no damage.
Something hits you but does no damage.
You closely miss the orc wizard.
The orc wizard is moderately wounded.
You closely miss something. You block the orc wizard's attack.
Something hits you.
You slash the orc wizard!
The orc wizard is almost dead.
You hit something.
The orc wizard hits you but does no damage.
Something hits you but does no damage.
You slash the orc wizard!
You kill the orc wizard!
You hit something.
You hear some strange, mumbled words.
A magic dart appears from out of thin air!
The magic dart hits you!
You closely miss something. Something hits you.
You hear some strange, mumbled words.
A magic dart appears from out of thin air!
The magic dart hits you but does no damage.
You barely miss something. Something hits you but does no damage.
You miss something.
You hear some strange, mumbled words.
A puff of flame appears from out of thin air!
The puff of flame hits you!
You die...

##.....##.##.#####
##.#.#.##.#......#
........#.%..###.#
##...#.##....###.#
.#...............#
.#...#..#.....##.#
.#......#.....##.#
..............##.#
...........#..##@#
##.............{).)#
..#......#.###.#.#
....###.. ....# .#.
# .. .< .. #. ... .#


There were no monsters in sight!

Vanquished Creatures
  A hound (D:4)
  A sleepcap (D:4)
  An orc priest (D:3)
  2 jellies (D:4)
  Natasha (thrice) (D:3)
  An orc wizard (D:4)
  3 gnolls (D:4)
  An adder (D:3)
  A dart slug (D:4)
  3 worms
  5 orcs
  3 ball pythons
  4 endoplasms
  7 goblins
  7 hobgoblins
  6 jackals (D:1)
  4 quokkas
  4 bats
  2 frilled lizards
  5 kobolds
  A rat (D:3)
65 creatures vanquished.

Notes
Turn   | Place    | Note
-------+----------+-------------------------------------------
     0 | D:1      | qw the Gargoyle Fighter began the quest for the Orb.
     0 | D:1      | Reached XP level 1. HP: 14/14 MP: 1/1
     0 | D:1      | 0 ||| qw: Version: 0.3-a-40-ge99b1a8
     0 | D:1      | 0 ||| qw: Game counter: 223
     0 | D:1      | 0 ||| qw: Melee chars always use a shield: true
     0 | D:1      | 0 ||| qw: God list: Okawaru
     0 | D:1      | 0 ||| qw: Allow faded altars: false
     0 | D:1      | 0 ||| qw: Do Orc after clearing Dungeon:15 true
     0 | D:1      | 0 ||| qw: Do second Lair branch before Depths: true
     0 | D:1      | 0 ||| qw: Lair rune preference: random
     0 | D:1      | 0 ||| qw: Goals: Normal, Zot:1-4, Slime:5, God:TSO, Crypt,
                  | Tomb, Abyss, Pan, Hells, Win
     0 | D:1      | 0 ||| PLANNING D:1-11
    18 | D:1      | Reached skill level 2 in Axes
    30 | D:1      | 30 ||| Stepping ~*~*~tactically~*~*~ (stealth).
    47 | D:1      | Reached XP level 2. HP: 18/19 MP: 2/2
   100 | D:1      | 100 ||| Stepping ~*~*~tactically~*~*~ (stealth).
   101 | D:1      | 101 ||| Stepping ~*~*~tactically~*~*~ (stealth).
   103 | D:1      | 103 ||| Stepping ~*~*~tactically~*~*~ (stealth).
   328 | D:1      | Reached skill level 3 in Axes
   490 | D:1      | Reached XP level 3. HP: 23/23 MP: 3/3
   946 | D:2      | Reached skill level 1 in Throwing
  1223 | D:2      | 1223 ||| UPGRADING to amulet of faith.
  1228 | D:2      | 1228 ||| READING 2 scrolls labelled KIYLOD SODI.
  1233 | D:2      | 1233 ||| READING 3 scrolls labelled IMNAUNT KEMIU.
  1234 | D:2      | 1234 ||| READING scroll labelled LUIVVY KUSHRI.
  1235 | D:2      | 1235 ||| READING 2 scrolls labelled REGIRH DASTRUFA.
  1236 | D:2      | 1236 ||| DROPPING scroll of blinking.
  1255 | D:3      | 1255 ||| STAIRDANCE
  1255 | D:3      | HP: 4/23 [orc/+0 flail (5)]
  1257 | D:2      | 1257 ||| READING scroll of teleportation.
  1294 | D:2      | 1294 ||| FLEEEEING.
  1295 | D:2      | 1295 ||| FLEEEEING.
  1296 | D:2      | 1296 ||| FLEEEEING.
  1297 | D:2      | 1297 ||| FLEEEEING.
  1300 | D:2      | 1300 ||| FLEEEEING.
  1301 | D:2      | 1301 ||| FLEEEEING.
  1302 | D:2      | 1302 ||| FLEEEEING.
  1303 | D:2      | 1303 ||| FLEEEEING.
  1305 | D:2      | 1305 ||| FLEEEEING.
  1306 | D:2      | 1306 ||| FLEEEEING.
  1307 | D:2      | 1307 ||| FLEEEEING.
  1308 | D:2      | 1308 ||| FLEEEEING.
  1309 | D:2      | 1309 ||| FLEEEEING.
  1314 | D:2      | 1314 ||| FLEEEEING.
  1315 | D:2      | 1315 ||| FLEEEEING.
  1316 | D:2      | 1316 ||| FLEEEEING.
  1317 | D:2      | 1317 ||| FLEEEEING.
  1318 | D:2      | 1318 ||| FLEEEEING.
  1319 | D:2      | 1319 ||| FLEEEEING.
  1320 | D:2      | 1320 ||| FLEEEEING.
  1322 | D:2      | 1322 ||| STAIRDANCE
  1373 | D:2      | 1373 ||| DROPPING +0 club.
  1415 | D:3      | Found a hazy altar of Hepliaklqana.
  1476 | D:3      | Found a white marble altar of Elyvilon.
  1578 | D:3      | Found a burning altar of Makhleb.
  1582 | D:3      | Found a large runed translucent door.
  1583 | D:3      | Found a large runed translucent door.
  1590 | D:3      | Noticed qw's ghost (amateur MiHs)
  1823 | D:3      | Reached XP level 4. HP: 28/28 MP: 4/4
  1851 | D:3      | 1851 ||| Stepping ~*~*~tactically~*~*~ (stealth).
  1853 | D:3      | 1853 ||| Stepping ~*~*~tactically~*~*~ (hiding).
  1854 | D:3      | 1854 ||| Stepping ~*~*~tactically~*~*~ (hiding).
  1855 | D:3      | 1855 ||| Stepping ~*~*~tactically~*~*~ (hiding).
  1856 | D:3      | 1856 ||| Stepping ~*~*~tactically~*~*~ (hiding).
  1881 | D:3      | 1881 ||| Stepping ~*~*~tactically~*~*~ (stealth).
  1928 | D:3      | Reached skill level 4 in Axes
  1943 | D:3      | Noticed Natasha
  1958 | D:3      | Killed Natasha
  1959 | D:3      | Reached XP level 5. HP: 17/32 MP: 5/5
  2192 | D:3      | Noticed Natasha
  2193 | D:3      | 2193 ||| Stepping ~*~*~tactically~*~*~ (hiding).
  2205 | D:3      | Killed Natasha
  2258 | D:3      | 2258 ||| UPGRADING to +0 chain mail.
  2268 | D:3      | 2268 ||| DROPPING +0 scale mail.
  2269 | D:3      | 2269 ||| READING scroll labelled KITYDA XIMECY.
  2270 | D:3      | 2270 ||| READING scroll labelled POPYOGE PAFROA.
  2271 | D:3      | 2271 ||| DRINKING 2 inky potions.
  2272 | D:3      | 2272 ||| DRINKING 2 purple potions.
  2273 | D:3      | 2273 ||| READING 2 scrolls of identify.
  2273 | D:3      | 2273 ||| IDENTIFYING fizzy brown potion
  2274 | D:3      | 2274 ||| DROPPING potion of brilliance.
  2275 | D:3      | 2275 ||| DROPPING potion of berserk rage.
  2310 | D:3      | Noticed Natasha
  2311 | D:3      | 2311 ||| Stepping ~*~*~tactically~*~*~ (stealth).
  2312 | D:3      | 2312 ||| Stepping ~*~*~tactically~*~*~ (stealth).
  2314 | D:3      | 2314 ||| Stepping ~*~*~tactically~*~*~ (hiding).
  2315 | D:3      | 2315 ||| Stepping ~*~*~tactically~*~*~ (hiding).
  2321 | D:3      | Killed Natasha
  2420 | D:4      | 2420 ||| Stepping ~*~*~tactically~*~*~ (hiding).
  2421 | D:4      | 2421 ||| Stepping ~*~*~tactically~*~*~ (hiding).
  2427 | D:4      | HP: 7/32 [acid (8)]
  2428 | D:4      | Reached skill level 5 in Axes
  2428 | D:4      | 2428 ||| DRINKING potion of heal wounds.
  2430 | D:4      | Reached XP level 6. HP: 29/38 MP: 6/6
  2434 | D:4      | HP: 9/38 [gnoll/+0 spear (3)]
  2612 | D:4      | 2612 ||| Stepping ~*~*~tactically~*~*~ (stealth).
  2616 | D:4      | 2616 ||| Stepping ~*~*~tactically~*~*~ (stealth).
  2621 | D:4      | 2621 ||| Stepping ~*~*~tactically~*~*~ (hiding).
  2622 | D:4      | 2622 ||| Stepping ~*~*~tactically~*~*~ (hiding).
  2729 | D:4      | HP: 9/38 [something/magic dart (8)]
  2732 | D:4      | Killed from afar by an orc wizard

Levels and vault maps discovered:
D:1:      minmay_arrival_diagonal_passages, layout_basic,
          chequers_serial_rivers_micro_c, amcnicky_mini_corridor_feature,
          st_stairs_12, chequers_decorated_corner
D:2:      layout_basic
D:3:      layout_basic, elyvilon_altar_5, mainiacjoe_overflow_tiny_flanked,
          lemuel_doored_altar, ebering_ghost_disaster_area, uniq_natasha
D:4:      layout_basic

Skill      XL: |  1  2  3  4  5  6 |
---------------+-------------------+-----
Axes           | 2 3 4 5 |  5.7
Throwing       | 1 |  1.1
Fighting       | 4 |  4.0
Armour         | |  3.2
Shields        | |  3.2

Action                     |  1- 3 |  4- 6 || total
---------------------------+-------+-------++-------
  Melee: War axe           |   100 |    82 ||   182
  Throw: Javelin           |    35 |     8 ||    43
         Boomerang         |     3 |       ||     3
    Use: Scroll            |     5 |     3 ||     8
         Potion            |       |     3 ||     3
 Armour: Scale mail        |    55 |    37 ||    92
         Chain mail        |       |    57 ||    57
  Dodge: Dodged            |    54 |    33 ||    87
  Block: Buckler           |    15 |    19 ||    34

Table legend:
 A = Non-vault XP
 B = Vault XP
 C = Vault XP percentage of total XP
 D = Non-vault monster count
 E = Vault monster count
 F = Vault count percentage of total count
                 A         B        C        D         E       F
            +---------+---------+-------+---------+---------+-------
      Total |     473 |      39 |   7.6 |      62 |       3 |   4.6
            +---------+---------+-------+---------+---------+-------
        D:1 |      30 |       4 |  11.8 |      17 |       2 |  10.5
        D:2 |      32 |       0 |   0.0 |      15 |       0 |   0.0
        D:3 |     146 |      35 |  19.3 |      12 |       1 |   7.7
        D:4 |     265 |       0 |   0.0 |      18 |       0 |   0.0
            +---------+---------+-------+---------+---------+-------
